 Dungeon Crawl Stone Soup version 0.29.1-2-gbd0b4ee654 (webtiles) character file.

Game seed: 16316736532445132511

33207 warriortoast the Covert (level 13, 0/63 HPs)
             Began as a Spriggan Hunter on Nov 15, 2022.
             Was a High Priest of Fedhas.
             Succumbed to Nessos's poison
             ... on level 5 of the Lair of Beasts on Nov 16, 2022.
             The game lasted 01:33:56 (23346 turns).

warriortoast the Covert (Spriggan Hunter)          Turns: 23346, Time: 01:33:56

Health: 0/63       AC:  4    Str: 11    XL:     13   Next: 35%
Magic:  11/25      EV: 30    Int: 16    God:    Fedhas [*****.]
Gold:   1354       SH:  0    Dex: 27    Spells: 17/27 levels left

rFire   . . .      SeeInvis +   d - +1 arbalest (vorpal)
rCold   + . .      Faith    .   (shield currently unavailable)
rNeg    + . .      Spirit   .   L - +1 robe {rC+}
rPois   .          Reflect  .   K - +1 hat
rElec   .          Harm     .   (no cloak)
rCorr   .          Rampage  .   (gloves unavailable)
Will    ++...                   (boots unavailable)
Stlth   +++++.....              V - amulet of regeneration
HPRegen 1.00/turn               J - ring of Moutoucy {rN+ Str+4 Dex+9 Stlth-}
MPRegen 0.19/turn               F - +4 ring of evasion

@: lethally poisoned (0 -> -17), studying Necromancy, very quick
A: very small, no large weapons, unfitting armour, see invisible, speed 3
a: Renounce Religion, Wall of Briars, Grow Ballistomycete, Overgrow, Grow Oklob


You were on level 5 of the Lair of Beasts.
You worshipped Fedhas.
Fedhas was extremely pleased with you.
You visited 3 branches of the dungeon, and saw 18 of its levels.
You visited 1 bazaar.

You collected 2340 gold pieces.
You spent 986 gold pieces at shops.

Inventory:

Hand Weapons
 a - a +2 dagger of speed
 d - a +1 vorpal arbalest (weapon)
 s - the +4 shortbow of the Ancient Youths {venom, Str+2}
   (You bought it in a shop in a bazaar)

   Any ammunition fired from it poisons the flesh of those it strikes.
   Str:       It affects your strength (+2).
 I - the +5 broad axe of Fury {drain, rF- Str+5}
   (You found it on level 2 of the Lair of Beasts)

   A truly terrible weapon, it drains the life of any living foe it strikes.
   Str:       It affects your strength (+5).
   rF:        It makes you vulnerable to fire.
 S - the +7 hand axe of the Whelk {venom, Will++ Str-4}
   (You found it on level 11 of the Dungeon)

   It poisons the flesh of those it strikes.
   Str:       It affects your strength (-4).
   Will:      It greatly increases your willpower.
 X - the +4 shortbow of Vaymem {flame, Str+4}
   (You found it on level 5 of the Lair of Beasts)

   Any ammunition fired from it burns those it strikes, dealing additional fire
   damage.
   Str:       It affects your strength (+4).
Missiles
 r - 3 throwing nets
Armour
 y - +0 acid dragon scales
 K - a +1 hat (worn)
 L - a +1 robe of cold resistance (worn)
Jewellery
 c - a +4 ring of protection
 u - an amulet of the acrobat
 F - a +4 ring of evasion (right hand)
 G - a ring of willpower
 H - a ring of magical power
 J - the ring of Moutoucy (left hand) {rN+ Str+4 Dex+9 Stlth-}
   (You found it on level 9 of the Dungeon)

   [ring of positive energy]

   Str:       It affects your strength (+4).
   Dex:       It affects your dexterity (+9).
   rN:        It protects you from negative energy.
   Stlth:     It makes you less stealthy.
 M - a ring of positive energy
 Q - a ring of ice
 R - a ring of ice
 V - an amulet of regeneration (around neck)
 Y - a +6 ring of intelligence
Wands
 k - a wand of charming (18)
 t - a wand of digging (8)
 C - a wand of acid (20)
 D - a wand of flame (10)
 E - a wand of mindburst (13)
 W - a wand of iceblast (6)
Scrolls
 b - 5 scrolls of immolation
 i - 3 scrolls of blinking
 l - 11 scrolls of teleportation
 m - 4 scrolls of poison
 n - 3 scrolls of enchant armour
 o - 2 scrolls of silence
 v - a scroll of magic mapping
 w - 2 scrolls of fog
 A - 5 scrolls of summoning
 N - a scroll of fear
 O - 6 scrolls of identify
Potions
 e - 5 potions of mutation
 f - 2 potions of flight
 g - 3 potions of lignification
 h - 2 potions of invisibility
 j - 2 potions of heal wounds
 p - 2 potions of magic
 q - 3 potions of cancellation
 x - 2 potions of brilliance
 z - 3 potions of degeneration
 B - 2 potions of resistance
 P - 2 potions of attraction
 T - a potion of berserk rage {unknown}
 U - 12 potions of curing


   Skills:
 - Level 5.0 Fighting
 + Level 9.9 Ranged Weapons
 - Level 8.0 Dodging
 + Level 13.7 Stealth
 + Level 7.6 Spellcasting
 - Level 5.0 Conjurations
 + Level 4.9 Hexes
 - Level 8.0 Transmutations
 + Level 6.6 Air Magic
 + Level 7.7 Poison Magic
 + Level 6.8 Invocations
 - Level 5.0 Evocations


You had 17 spell levels left.
You knew the following spells:

 Your Spells              Type           Power      Damage    Failure   Level
a - Olgreb's Toxic Radia  Pois           30%        N/A       4%          4
b - Ignite Poison         Fire/Tmut/Pois 22%        N/A       4%          3
c - Mephitic Cloud        Conj/Pois/Air  26%        N/A       2%          3

Your spell library contained the following spells:

 Spells                   Type           Power      Damage    Failure   Level
 Sting                    Tmut/Pois      100%       1d8       1%          1
 Poisonous Vapours        Pois/Air       58%        N/A       1%          2
 Static Discharge         Conj/Air       24%        3-6/arc   1%          2
 Foxfire                  Conj/Fire      56%        2x1d6     4%          1
 Airstrike                Air            13%        2d(2-18)  8%          4
 Sandblast                Erth           12%        2d6       12%         1
 Conjure Flame            Conj/Fire      14%        6-21      13%         3
 Inner Flame              Hex/Fire       13%        N/A       13%         3
 Stone Arrow              Conj/Erth      28%        3d8       13%         3
 Corpse Rot               Necr/Pois/Air  21%        N/A       16%         4
 Scorch                   Fire           12%        2d6       19%         2
 Summon Lightning Spire   Summ/Air       16%        N/A       30%         4
 Lightning Bolt           Conj/Air       12%        1d25      30%         5
 Anguish                  Hex/Necr       6%         N/A       38%         4
 Flame Wave               Conj/Fire      14%        2d6       38%         4
 Sticky Flame             Conj/Fire      14%        2d4       38%         4
 Freezing Cloud           Conj/Ice/Air   9%         6-21      54%         5
 Dispel Undead            Necr           6%         3d8       75%         4
 Storm Form               Tmut/Air       14%        N/A       99%         7
 Death Channel            Necr           3%         N/A       100%        6
 Iron Shot                Conj/Erth      7%         9d2       100%        6
 Summon Cactus Giant      Summ           3%         N/A       100%        6
 Enfeeble                 Hex            10%        N/A       100%        7
 Lehudib's Crystal Spear  Conj/Erth      7%         10d3      100%        8
 Maxwell's Capacitive Co  Air            13%        ∞         100%        8
 Shatter                  Erth           3%         3d7*      100%        9


Dungeon Overview and Level Annotations

Branches:
Dungeon (12/15)            Temple (1/1) D:5            Lair (5/5) D:8
 Shoals (0/4) Lair:3        Snake (0/4) Lair:3          Orc (0/2) D:12
  Slime: Lair:4-5

Altars:
Ashenzari
Cheibriados
Dithmenos
Elyvilon
Fedhas
Gozag
Hepliaklqana
Kikubaaqudgha
Makhleb
Nemelex Xobeh
Okawaru
Qazlal
Ru
Trog
Uskayaw
Vehumet
Wu Jian
Xom
Yredelemnul
Zin
The Shining One

Shops:
D:1 [(?   D:2 =   D:9 ?

Annotations:
Lair:5 Nessos


Innate Abilities, Weirdness & Mutations

You are very small and have problems with some larger weapons.
You are too small for most types of armour.
You have supernaturally acute eyesight. (SInv)
You cover ground extremely quickly. (Speed+++)


Message History

The stinking cloud engulfs the elephant but does no damage. x2
The elephant is lightly wounded.
You hear a trumpeting!
The elephant is engulfed in noxious fumes. x2
The elephant appears confused.
Casting: Mephitic Cloud (dangerous; 2% risk of failure)
Confirm with . or Enter, or press ? or * to list all spells.
You ignite the poison in your surroundings!
The elephant is engulfed in blazing flames. x2
You shoot a bolt. The bolt hits the elephant.
The elephant is moderately wounded.
The elephant seems less confused.
The elephant completely misses you. The elephant closely misses you.
The elephant is engulfed in blazing flames. x2
The elephant completely misses you. The elephant trunk-slaps you.
The elephant is engulfed in blazing flames. x2
The elephant seems less confused.
The elephant is engulfed in blazing flames.
Nessos shouts!
Nessos zaps a wand.
The mass of ice explodes!
The iceblast engulfs you! You partially resist.
Nessos wields a +3 longbow of flaming.
It bursts into flame!
Nessos shoots an arrow.
The arrow hits you!! The arrow burns you.
You are poisoned.
You feel sick.
You feel sick.
Nessos casts a spell.
Nessos seems to speed up.
You feel sick.
Nessos shoots an arrow.
The arrow hits you!
* * * LOW HITPOINT WARNING * * *
The arrow burns you.
You are lethally poisoned!
* * * LOW HITPOINT WARNING * * *
Blink to where?
Press: ? - help, Dir - move target, p - elephant
As you read the scroll of blinking, it crumbles to dust.
* * * LOW HITPOINT WARNING * * *
You feel extremely sick.
You die...
Fedhas appreciates your contribution to the ecosystem.

##.....Y.# ##....Y..##
### #.......## #...
##...)..# .....
#..###.##..P.< .....
##...####P.... .....#
.......##.... #.....#
##....##....# ##....##
#..........P####@.....#
##...........##....####
#....#....##......#####
#....##.<.......###...##
##..(.#....)......#.#...#
#...........#......#....
##.†.##....###...##.Y..#
#....#....# #.... #...
#..Y##.§†.###....##..#


There were no monsters in sight!

Vanquished Creatures
  Gastronok (Lair:2)
  The ghost of DemonSlayer the Thaumaturge, a journeyman DsFE of Makhleb (D:11)
  Harold (Lair:1)
  Erolcha (D:9)
  5 hydras
  Fannar (D:10)
  A catoblepas (Lair:2)
  A two-headed ogre (D:10)
  A fire crab (Lair:4)
  4 cyclopes
  An ugly thing (D:12)
  2 manticores
  6 elephants
  Joseph (D:10)
  4 black mambas
  11 cane toads
  A torpor snail (Lair:5)
  2 rime drakes
  4 komodo dragons
  A polar bear (Lair:4)
  4 trolls
  3 blink frogs
  2 shadows
  13 yaks
  A water elemental (D:11)
  A wraith (D:12)
  9 wyverns
  2 basilisks
  A ynoxinul (D:11)
  Eustachio (D:3)
  3 vampire mosquitoes (D:11)
  2 steam dragons (D:6)
  3 acid dragons
  3 nagas (Lair:3)
  10 water moccasins
  A floating eye (Lair:1)
  3 orc warriors
  2 black bears
  2 ice beasts
  2 ogres
  A tengu (shapeshifter) (D:11)
  7 wolves (Lair:2)
  5 centaurs
  A kobold brigand (D:7)
  A phantom (D:4)
  12 bullfrogs
  2 necrophages (D:4)
  4 scorpions
  8 wights
  3 killer bees
  An electric eel (D:11)
  4 howler monkeys
  2 bullfrog zombies (D:5)
  3 iron imps (D:3)
  5 orc priests
  3 hounds
  A jelly (D:6)
  An iguana (D:6)
  Natasha (thrice) (D:4 D:3)
  4 orc wizards
  Robin (D:4)
  13 gnolls
  7 adders
  A white imp (D:7)
  An ufetubus (D:5)
  6 dart slugs
  37 orcs
  8 ball pythons
  2 endoplasms (D:1)
  2 giant cockroaches
  42 goblins
  38 hobgoblins
  3 jackals (D:2)
  5 quokkas
  5 bats
  5 frilled lizards
  20 kobolds
  7 rats
392 creatures vanquished.

Vanquished Creatures (collateral kills)
  An unseen horror (D:10)
  A wolf (Lair:2)
2 creatures vanquished.

Vanquished Creatures (others)
  2 oklob plants (Lair:5)
  An elephant (Lair:1)
  A bush (Lair:5)
  32 fungi
  50 plants
  3 toadstools (D:12)
89 creatures vanquished.

Grand Total: 483 creatures vanquished

Notes
Turn   | Place    | Note
-------+----------+-------------------------------------------
     0 | D:1      | warriortoast the Spriggan Hunter began the quest for the
                  | Orb.
     0 | D:1      | Reached XP level 1. HP: 10/10 MP: 2/2
   141 | D:1      | Reached skill level 2 in Stealth
   183 | D:1      | Reached XP level 2. HP: 7/15 MP: 2/4
   400 | D:1      | Reached skill level 1 in Spellcasting
   425 | D:1      | Found Yduixk Nove's Weapon Shop.
   454 | D:1      | Found Ofiqyd's Antique Armour Shop.
   584 | D:1      | Found a faded altar of an unknown god.
   589 | D:1      | Got Plato's Dissertation on Pestilent Moulding
   668 | D:1      | Found Routoxef's Magic Scroll Boutique.
   676 | D:1      | Bought a scroll of identify for 22 gold pieces
   910 | D:1      | Reached XP level 3. HP: 18/18 MP: 5/5
  1289 | D:2      | Found Lacsyfoi's Jewellery Boutique.
  1772 | D:3      | Reached skill level 3 in Stealth
  1799 | D:3      | Reached XP level 4. HP: 23/23 MP: 7/7
  2214 | D:3      | Found a burning altar of Makhleb.
  2230 | D:3      | Reached XP level 5. HP: 27/27 MP: 9/9
  2298 | D:4      | Reached skill level 4 in Stealth
  2383 | D:4      | Reached XP level 6. HP: 32/32 MP: 11/11
  2389 | D:4      | Noticed Robin
  2420 | D:4      | Killed Robin
  2421 | D:4      | Reached skill level 1 in Evocations
  2489 | D:4      | Noticed Eustachio
  2585 | D:3      | Killed Eustachio
  2586 | D:3      | Reached skill level 5 in Ranged Weapons
  3016 | D:4      | Reached skill level 5 in Stealth
  3016 | D:4      | Reached XP level 7. HP: 36/36 MP: 13/13
  3114 | D:4      | Reached skill level 5 in Dodging
  3133 | D:4      | Noticed Natasha
  3165 | D:4      | Killed Natasha
  3280 | D:4      | Identified the +0 trident of the Final People {drain, rF+++
                  | Str+5 Dex-5}
  3758 | D:4      | Noticed Natasha
  4007 | D:4      | Killed Natasha
  4265 | D:4      | Noticed Natasha
  4452 | D:3      | Killed Natasha
  5611 | D:4      | Reached skill level 6 in Stealth
  5913 | D:4      | Reached XP level 8. HP: 41/41 MP: 15/15
  6330 | D:5      | Entered Level 5 of the Dungeon
  6411 | D:1      | Bought a scroll of magic mapping for 82 gold pieces
  6411 | D:1      | Bought a scroll of teleportation for 33 gold pieces
  6411 | D:1      | Bought a scroll of teleportation for 33 gold pieces
  6411 | D:1      | Bought a scroll of teleportation for 33 gold pieces
  6411 | D:1      | Bought a scroll of fog for 44 gold pieces
  6411 | D:1      | Bought 2 scrolls of identify for 44 gold pieces
  6897 | D:5      | Found a staircase to the Ecumenical Temple.
  6904 | Temple   | Entered the Ecumenical Temple
  6938 | Temple   | Became a worshipper of Fedhas Madash
  7283 | D:5      | Found a white marble altar of Elyvilon.
  7442 | D:5      | Found a basalt altar of Yredelemnul.
  7755 | D:6      | Reached skill level 7 in Stealth
  7755 | D:6      | Reached skill level 5 in Spellcasting
  7765 | D:6      | Learned a level 4 spell: Olgreb's Toxic Radiance
  7769 | D:6      | Learned a level 3 spell: Ignite Poison
  7773 | D:6      | Learned a level 3 spell: Mephitic Cloud
  8843 | D:6      | Reached skill level 1 in Transmutations
  8959 | D:6      | Reached skill level 1 in Poison Magic
  8964 | D:6      | Found an opulent altar of Gozag.
  8968 | D:6      | Found a hide-covered altar of Uskayaw.
  9071 | D:6      | Reached skill level 5 in Evocations
  9129 | D:6      | Identified the +1 ring mail of Nihilism {Int+2}
  9167 | D:6      | Reached * piety under Fedhas
  9333 | D:6      | Reached skill level 1 in Conjurations
  9333 | D:6      | Reached XP level 9. HP: 36/46 MP: 17/17
 10275 | D:8      | Identified the +2 ring mail of the Quahog {rF++ rC- Regen+
                  | rCorr}
 10622 | D:8      | Found a staircase to the Lair.
 10667 | D:8      | Reached skill level 8 in Stealth
 11313 | D:8      | Reached skill level 1 in Air Magic
 11641 | D:8      | Noticed an elephant
 11693 | D:8      | Killed an elephant
 13111 | D:7      | Reached ** piety under Fedhas
 13258 | D:7      | Reached skill level 5 in Fighting
 13431 | D:9      | Identified the ring of Moutoucy {rN+ Str+4 Dex+9 Stlth-}
 13447 | D:9      | Noticed Erolcha
 13458 | D:9      | Reached XP level 10. HP: 50/51 MP: 9/18
 13484 | D:9      | Killed Erolcha
 13485 | D:9      | Reached skill level 9 in Stealth
 13485 | D:9      | Reached skill level 1 in Invocations
 13544 | D:9      | Found a broken altar of Ashenzari.
 13878 | D:9      | Found Yssump's Magic Scroll Shoppe.
 13881 | D:9      | Bought a scroll of enchant armour for 105 gold pieces
 13881 | D:9      | Bought a scroll of identify for 28 gold pieces
 13881 | D:9      | Bought a scroll of summoning for 133 gold pieces
 13881 | D:9      | Bought a scroll of enchant armour for 105 gold pieces
 13881 | D:9      | Bought a scroll of identify for 28 gold pieces
 13881 | D:9      | Bought a scroll of poison for 56 gold pieces
 14109 | D:9      | Reached skill level 5 in Transmutations
 14414 | D:10     | Entered Level 10 of the Dungeon
 14850 | D:10     | Learned a level 2 spell: Poisonous Vapours
 14896 | D:10     | Noticed Fannar
 14908 | D:10     | Killed Fannar
 14936 | D:10     | Noticed a two-headed ogre
 15350 | D:9      | Reached *** piety under Fedhas
 15351 | D:9      | Reached skill level 10 in Stealth
 15878 | D:10     | Reached XP level 11. HP: 53/55 MP: 10/19
 15883 | D:10     | Killed a two-headed ogre
 15940 | D:10     | Noticed Joseph
 16283 | D:10     | Killed Joseph
 16546 | D:11     | Identified the +7 hand axe of the Whelk {venom, Will++
                  | Str-4}
 16576 | D:11     | Reached skill level 5 in Poison Magic
 16973 | D:11     | Found a runed translucent door.
 16973 | D:11     | Noticed DemonSlayer's ghost (journeyman DsFE)
 17669 | D:11     | Noticed a four-headed hydra
 17683 | D:11     | Killed a four-headed hydra
 17684 | D:11     | Reached skill level 11 in Stealth
 17950 | D:11     | Killed DemonSlayer's ghost
 17975 | D:11     | Got the Essays on the Rocks
 18042 | D:12     | Found a flickering gateway to a bazaar.
 18051 | Bazaar   | Entered a bazaar
 18210 | Bazaar   | Found Himaiviu's Antique Weapon Shoppe.
 18226 | Bazaar   | Found Cecran's Jewellery Emporium.
 18242 | Bazaar   | Found Fevaqote's Distillery.
 18242 | Bazaar   | Found Xoto's Distillery.
 18321 | Bazaar   | Bought a scorched shortbow for 192 gold pieces
 18321 | Bazaar   | Identified the +4 shortbow of the Ancient Youths {venom,
                  | Str+2} (You bought it in a shop in a bazaar)
 18355 | Bazaar   | Bought 2 potions of curing for 48 gold pieces
 18392 | D:12     | Found a staircase to the Orcish Mines.
 18425 | D:12     | Noticed a brown ugly thing
 18450 | D:12     | Killed a brown ugly thing
 18536 | D:12     | Identified a scroll of acquirement
 18537 | D:12     | Acquired 896 gold pieces
 18733 | D:12     | Reached skill level 5 in Air Magic
 19128 | Lair:1   | Entered Level 1 of the Lair of Beasts
 19253 | Lair:1   | Reached XP level 12. HP: 60/60 MP: 20/20
 19263 | Lair:1   | Reached **** piety under Fedhas
 19331 | Lair:1   | Reached skill level 5 in Invocations
 19387 | Lair:1   | Noticed Harold
 19401 | Lair:1   | Killed Harold
 19402 | Lair:1   | Reached skill level 12 in Stealth
 20340 | Lair:2   | Reached skill level 1 in Hexes
 20458 | Lair:2   | Reached skill level 5 in Conjurations
 20760 | Lair:2   | Identified the +5 broad axe of Fury {drain, rF- Str+5}
 20796 | Lair:2   | Noticed Gastronok
 21153 | Lair:2   | Killed Gastronok
 21283 | Lair:2   | Noticed a catoblepas
 21293 | Lair:2   | Killed a catoblepas
 21414 | Lair:2   | Noticed an eight-headed hydra
 21433 | Lair:2   | Killed an eight-headed hydra
 21721 | Lair:3   | Noticed a five-headed hydra
 21760 | Lair:2   | Killed a five-headed hydra
 21760 | Lair:2   | Reached ***** piety under Fedhas
 21761 | Lair:2   | Reached skill level 13 in Stealth
 21993 | Lair:3   | Found a staircase to the Shoals.
 22060 | Lair:3   | Found a staircase to the Snake Pit.
 22099 | Lair:3   | You fall into a shaft and drop 1 floor!
 22249 | Lair:4   | Noticed a seven-headed hydra
 22339 | Lair:4   | Killed a seven-headed hydra
 22340 | Lair:4   | Reached XP level 13. HP: 63/63 MP: 24/24
 22804 | Lair:5   | Entered Level 5 of the Lair of Beasts
 22806 | Lair:5   | Noticed Nessos
 23085 | Lair:5   | Identified the +4 shortbow of Vaymem {flame, Str+4}
 23346 | Lair:5   | Succumbed to Nessos's poison

Illustrated notes

Levels and vault maps discovered:
D:1:      ncdulo_halloftheorcs, layout_loops_cross,
          shapermc_ecumenical_altar_rom_forum, serial_shops, shop,
          nicolae_shop_overgrown_old_shop, nicolae_shop_window_shopping,
          minmay_distorted
D:2:      layout_rooms, serial_shops, nicolae_shop_hallway_plus, grunt_decor_cap
D:3:      layout_rooms, demons_altar, dk_noncrumbling_2, due_unseen_surprise
D:4:      minmay_goblin_kobold_castle, layout_basic,
          chequers_serial_rivers_small_a, kennysheep_cross_room, uniq_robin,
          uniq_eustachio, uniq_natasha
D:5:      layout_loops_cross, nicolae_overflow_hidden_temple,
          lemuel_zombie_altar_yredelemnul, minmay_temple_entry_trees
D:6:      layout_cave_pods, chequers_temple_overflow_statue_of_worship
D:7:      layout_rooms
D:8:      layout_loops_corners, david_lair_generic
D:9:      layout_grid_maze, mainiacjoe_overflow_paths, serial_shops,
          nicolae_shop_behind_doors, uniq_erolcha
D:10:     layout_cave_pools, uniq_fannar, uniq_joseph
D:11:     layout_cave_pods, hellmonk_ghost_big_iron,
          chequers_serial_rivers_large_b, lightli_minifort
D:12:     layout_roguey, orc_0_dummy, serial_shops, bzr_in_the_mist,
          minivault_1, hangedman_abyss_or_decor_lesser_grid,
          minmay_gold_behind_fungi
Temple:   hellmonk_temple_of_storms
Lair:1:   layout_small_grid, disabler_island, uniq_harold
Lair:2:   beast_lair_carwin_large_1, layout_small_grid, uniq_gastronok
Lair:3:   layout_cave_pods, minmay_shoals_entry_centaurs,
          minmay_snake_entry_guardpost_small, basic_altar, grunt_megastairs_3
Lair:4:   layout_roguey
Lair:5:   cheibrodos_lair_end_hotspot, layout_concentric_octagons,
          minmay_slime_entry_oklob_open, uniq_urug, uniq_nessos

Skill      XL: |  1  2  3  4  5  6  7  8  9 10 11 12 13 |
---------------+----------------------------------------+-----
Stealth        | 2 3 4 5 6 7 8 10 11 13 | 13.7
Dodging        | 3 4 5 6 7 8 |  8.0
Spellcasting   | 1 2 3 4 5 7 |  7.6
Fighting       | 2 3 4 5 |  5.0
Evocations     | 2 3 5 |  5.0
Ranged Weapons | 5 6 7 8 9 |  9.9
Transmutations | 2 4 6 7 8 |  8.0
Poison Magic   | 1 3 4 6 7 |  7.7
Conjurations   | 1 2 3 4 5 |  5.0
Air Magic      | 2 3 5 6 |  6.6
Invocations    | 3 4 6 |  6.8
Hexes          | 3 4 |  4.9

Action                   |  1- 3 |  4- 6 |  7- 9 | 10-12 | 13-15 || total
-------------------------+-------+-------+-------+-------+-------++-------
Melee: Shortbow          |       |       |     3 |       |       ||     3
       Dagger            |       |       |    25 |    27 |       ||    52
       Punch             |       |       |     2 |     1 |       ||     3
 Fire: Shortbow          |   144 |   167 |   707 |   205 |       ||  1223
       Arbalest          |       |       |       |   371 |    85 ||   456
 Cast: Mephitic Cloud    |       |       |    12 |    49 |     5 ||    66
       Ignite Poison     |       |       |       |    17 |     2 ||    19
       Poisonous Vapours |       |       |       |     2 |       ||     2
       Olgreb's Toxic Ra |       |       |       |     1 |       ||     1
Invok: Wall of Briars    |       |       |       |     2 |       ||     2
       Overgrow          |       |       |       |       |     1 ||     1
Evoke: Wand              |       |     1 |    21 |     2 |       ||    24
  Use: Scroll            |       |       |     6 |    16 |     1 ||    23
 Stab: Confused          |       |       |     1 |     2 |       ||     3
       Sleeping          |       |       |       |     1 |       ||     1
Armor: Robe              |     4 |     5 |    18 |       |     2 ||    29
       Skin              |       |       |     2 |       |       ||     2
Dodge: Dodged            |    35 |    32 |   300 |   276 |    41 ||   684
